 Dungeon Crawl Stone Soup version 0.27.1-33-g824d729ab1 (webtiles) character file.

Game seed: 7910181482248434348

497 dohliylev the Chopper (level 6, 0/84 HPs)
             Began as a Minotaur Berserker on Dec 27, 2021.
             Was a Believer of Trog.
             Slain by a killer bee (5 damage)
             ... on level 4 of the Dungeon.
             The game lasted 00:06:56 (3015 turns).

dohliylev the Chopper (Minotaur Berserker)          Turns: 3015, Time: 00:06:57

Health: 0/84       AC: 14    Str: 24    XL:     6   Next: 93%
Magic:  5/5        EV:  7    Int:  4    God:    Trog [**....]
Gold:   115        SH:  0    Dex:  9    Spells: 5/5 levels left

rFire    . . .     SeeInvis +   a - +0 hand axe
rCold    . . .     Faith    .   (no shield)
rNeg     . . .     Spirit   .   g - +0 plate armour
rPois    .         Reflect  .   (helmet restricted)
rElec    .         Harm     .   n - +0 cloak
rCorr    .         Rampage  .   (no gloves)
Will     .....                  o - +0 pair of boots
Stlth    ..........             f - amulet of the acrobat
HPRegen  0.24/turn              b - ring of see invisible
MPRegen  0.09/turn              (no ring)

@: berserking (expiring), lethally poisoned (0 -> -9), very quick
A: horns 2, retaliatory headbutt
a: Renounce Religion, Berserk, Trog's Hand


You were on level 4 of the Dungeon.
You worshipped Trog.
Trog was pleased with you.
You visited 1 branch of the dungeon, and saw 4 of its levels.

You collected 115 gold pieces.

Inventory:

Hand Weapons
 a - a +0 hand axe (weapon)
Armour
 g - a +0 plate armour (worn)
 n - a +0 cloak (worn)
 o - a +0 pair of boots (worn)
Jewellery
 b - a ring of see invisible (left hand)
 f - an amulet of the acrobat (around neck)
Scrolls
 c - a scroll of brand weapon {unknown}
 d - 2 scrolls of noise {unknown}
 h - 3 scrolls of identify {unknown}
 k - a scroll of immolation {unknown}
 q - a scroll of fog {unknown}
 r - a scroll of amnesia {unknown}
Potions
 e - 3 potions of curing {unknown}
 i - a potion of brilliance {unknown}
 j - a potion of ambrosia {unknown}
 l - a potion of lignification {unknown}
 m - a potion of might {unknown}
 p - 2 potions of flight {unknown}
 s - a potion of berserk rage {unknown}


   Skills:
 + Level 5.3 Fighting
 + Level 6.8 Axes
 + Level 5.4 Armour
 + Level 2.8 Dodging


You had 5 spell levels left.
You didn't know any spells.
Your spell library was empty.

Dungeon Overview and Level Annotations

Branches:
Dungeon (4/15)
 Temple: D:4-7

Altars:
Ashenzari
Qazlal

Shops:
D:2 =   D:3 [


Innate Abilities, Weirdness & Mutations

You have a pair of horns on your head.
You reflexively headbutt those who attack you in melee.


Message History

The killer bee stings you but does no damage.
You miss the killer bee.
The killer bee is severely wounded.
You feel sick. The killer bee stings you.
Okay, then.
You barely miss the killer bee.
The killer bee is severely wounded.
You feel sick.
The killer bee stings you but does no damage.
The killer bee closely misses you.
You slice the killer bee!!
You kill the killer bee!
Trog accepts your kill.
You slash the killer bee!
The killer bee is severely wounded.
You feel sick.
The killer bee stings you but does no damage.
You slash the killer bee!
You kill the killer bee!
Trog accepts your kill.
You feel sick. The killer bee stings you.
* * * LOW HITPOINT WARNING * * *
You are more poisoned.
The killer bee poisons you!
You closely miss the killer bee.
You feel sick.
The killer bee stings you but does no damage.
You barely miss the killer bee.
You feel sick. The killer bee barely misses you.
The killer bee stings you but does no damage.
You completely miss the killer bee. Your headbutt misses the killer bee.
You feel sick. The killer bee stings you!
* * * LOW HITPOINT WARNING * * *
You miss the killer bee.
You feel sick. The killer bee stings you.
* * * LOW HITPOINT WARNING * * *
You are lethally poisoned!
The killer bee poisons you!
You closely miss the killer bee. Your headbutt misses the killer bee.
* * * LOW HITPOINT WARNING * * *
You feel sick. The killer bee stings you.
You die...

....#####.#
#...............
......†...#
#.....#.###.....
...########
#.....#.###.....
#.........
#.(.............
##########
.######.#...#.##.....[ #
.....<..##.##.##...... #
#######.##.##.##.####. #
#########.##.##.##.## #.
#
.....yy@..##.##.##..###.
#
.###########......†.....
# ###........##
##.##...## # #<.## #..#
#..# .... ##...


You could see 2 killer bees.

Vanquished Creatures
  A phantom (D:4)
  A scorpion (D:4)
  4 killer bees (D:4)
  A hound (D:4)
  Crazy Yiuf (D:2)
  Terence (D:2)
  A howler monkey skeleton (D:4)
  2 adders
  An adder skeleton (D:4)
  A worm (D:2)
  An orc (D:4)
  4 bats
  5 endoplasms
  4 giant cockroaches
  4 goblins (D:1)
  10 hobgoblins
  4 jackals (D:1)
  12 kobolds
  2 quokkas
  8 ball pythons
  A ball python skeleton (D:2)
  A frilled lizard (D:1)
  A jackal skeleton (D:4)
  4 rats
75 creatures vanquished.

Notes
Turn   | Place    | Note
-------+----------+-------------------------------------------
     0 | D:1      | dohliylev the Minotaur Berserker began the quest for the
                  | Orb.
     0 | D:1      | Reached XP level 1. HP: 19/19 MP: 0/0
   245 | D:1      | Found a faded altar of an unknown god.
   332 | D:1      | Reached skill level 4 in Axes
   332 | D:1      | Reached XP level 2. HP: 27/27 MP: 1/1
   901 | D:2      | Found a broken altar of Ashenzari.
   911 | D:2      | Reached XP level 3. HP: 33/33 MP: 2/2
   926 | D:2      | Found Poqomide's Jewellery Emporium.
   954 | D:2      | Reached ** piety under Trog
  1069 | D:2      | Noticed Terence
  1080 | D:2      | Killed Terence
  1081 | D:2      | Reached XP level 4. HP: 41/41 MP: 3/3
  1242 | D:2      | Found a runed translucent door.
  1243 | D:2      | Noticed Crazy Yiuf
  1703 | D:2      | Killed Crazy Yiuf
  1704 | D:2      | Reached skill level 5 in Axes
  1825 | D:3      | Found Cuffaeko's Antique Armour Shop.
  1945 | D:3      | Found a stormy altar of Qazlal.
  2684 | D:4      | Reached XP level 5. HP: 46/47 MP: 4/4
  2697 | D:4      | Reached skill level 5 in Fighting
  2827 | D:4      | Noticed a phantom
  2846 | D:4      | Killed a phantom
  2847 | D:4      | Reached skill level 6 in Axes
  2847 | D:4      | Reached XP level 6. HP: 41/56 MP: 5/5
  2997 | D:4      | Reached skill level 5 in Armour
  3015 | D:4      | Slain by a killer bee

Illustrated notes

Levels and vault maps discovered:
D:1:      scummos_arrival_gate, layout_basic, ebering_ecumenical_altar_hall,
          grunt_decor_cap, minmay_pentomino_r4
D:2:      layout_basic, basic_altar, serial_shops, shop_statue,
          kennysheep_generic_room_6, uniq_terence, uniq_crazy_yiuf_cottage
D:3:      layout_loops_cross, grunt_qazlal_sundering, serial_shops,
          nicolae_shop_crystal
D:4:      layout_loops_ring

Skill      XL: |  1  2  3  4  5  6 |
---------------+-------------------+-----
Fighting       | 4 5 |  5.3
Axes           | 4 5 6 |  6.8
Armour         | 3 4 5 |  5.4
Dodging        | |  2.8

Action                   |  1- 3 |  4- 6 || total
-------------------------+-------+-------++-------
Melee: Hand axe          |    57 |   115 ||   172
       Headbutt          |    10 |    16 ||    26
Invok: Berserk           |     2 |     2 ||     4
Armor: Leather armour    |     7 |       ||     7
       Animal skin       |     1 |       ||     1
       Plate armour      |    24 |    66 ||    90
Dodge: Dodged            |    47 |    56 ||   103
